 Dungeon Crawl Stone Soup version 0.30.1-1-g62c8e00024 (webtiles) character file.

Game seed: 11178849051312722307

94691 Cheops the Spry (level 13, -4/116 HPs)
             Began as a Minotaur Fighter on July 14, 2023.
             Was the Champion of Ru.
             Slain by a demonic crawler (9 damage)
             ... on level 1 of the Spider Nest.
             The game lasted 01:21:39 (21712 turns).

Cheops the Spry (Minotaur Fighter)                 Turns: 21712, Time: 01:21:39

Health: -4/116     AC: 24    Str: 26    XL:     13   Next: 64%
Magic:  7/12       EV: 17    Int:  5    God:    Ru [******]
Gold:   762        SH: 17    Dex: 10    Spells: 12/12 levels left

rFire   + . .        a - +1 flail (heavy)
rCold   + . .        T - +5 kite shield {rC+}
rNeg    . . .        A - +0 plate armour {rF+}
rPois   +            J - +2 hat {Will+}
rElec   +            B - +2 cloak
rCorr   .            U - +0 pair of gloves of Kikubaaqudgha's Esteem {rElec rPois}
SInv    .            t - +0 pair of boots
Will    +....        P - amulet of the acrobat Stlth
                     q - +4 ring of slaying
HPRegen 0.39/turn    y - +5 ring of evasion
MPRegen 0.13/turn

%: acrobat
@: exhausted, hasted, studying Dodging, unable to read, very quick
A: horns 2, inability to read after injury 2, hated by all, disrupted magic 1,
inexperienced 2, retaliatory headbutt
a: Renounce Religion, Draw Out Power, Power Leap, Apocalypse


You were on level 1 of the Spider Nest.
You worshipped Ru.
Ru was exalted by your worship.
You visited 5 branches of the dungeon, and saw 23 of its levels.
You also visited: Sewer and Ice Cave.

You collected 2558 gold pieces.
You spent 1796 gold pieces at shops.

Inventory:

Hand Weapons
 a - a +1 heavy flail (weapon)
 b - a +1 vampiric morningstar
 c - the +8 frozen axe "Frostbite" {freeze, freezing cloud, *Noise Fly rC+}
   (You found it in an ice cave)

   rC:        It protects you from cold.
   Fly:       It grants you flight.
   *Noise:    It may make noises in combat.
Missiles
 S - 5 throwing nets (quivered)
Armour
 m - +0 acid dragon scales
 t - a +0 pair of boots (worn)
 A - a +0 plate armour of fire resistance (worn)
 B - a +2 cloak (worn)
 J - a +2 hat of willpower (worn)
 L - a +4 scale mail of cold resistance
 T - a +5 kite shield of cold resistance (worn)
 U - the +0 pair of gloves of Kikubaaqudgha's Esteem (worn) {rElec rPois}
   (You found it in an ice cave)

   rElec:     It insulates you from electricity.
   rPois:     It protects you from poison.
Jewellery
 h - a ring of protection from cold
 q - a +4 ring of slaying (left hand)
 r - a ring of protection from cold
 y - a +5 ring of evasion (right hand)
 H - a +4 ring of protection
 M - a ring of see invisible
 P - an amulet of the acrobat (around neck)
 W - a ring of willpower
 X - a ring of protection from fire
 Z - a ring of protection from fire
Wands
 x - a wand of paralysis (16)
 D - a wand of flame (16)
 E - a wand of polymorph (10)
 K - a wand of digging (6)
 N - a wand of quicksilver (6)
Scrolls
 k - 4 scrolls of fog
 p - 4 scrolls of blinking
 s - a scroll of identify
 u - a scroll of enchant weapon
 w - 3 scrolls of magic mapping
 z - 5 scrolls of fear
 I - 10 scrolls of teleportation
 O - 2 scrolls of poison
 Y - 2 scrolls of brand weapon
Potions
 d - 6 potions of might
 f - 10 potions of curing
 g - a potion of cancellation
 i - 7 potions of heal wounds
 j - 3 potions of resistance
 l - 5 potions of mutation
 n - 5 potions of haste
 o - 2 potions of flight
 C - 4 potions of attraction
 F - 7 potions of lignification
 G - a potion of ambrosia
 R - 2 potions of invisibility
 V - 2 potions of berserk rage
Miscellaneous
 e - a lightning rod (inert)


   Skills:
 - Level 11.1 Fighting
 - Level 16.0 Maces & Flails
 - Level 12.0 Armour
 + Level 19.4 Dodging
 - Level 15.0 Shields
 - Level 5.0 Evocations


You had 12 spell levels left.
You didn't know any spells.
Your spell library contained the following spells:

 Spells                   Type           Power      Damage    Failure   Level
 Beastly Appendage        Tmut           0%         N/A       100%        1
 Kiss of Death            Conj/Necr      0%         2d5       100%        1
 Sandblast                Erth           0%         2d4       100%        1
 Shock                    Conj/Air       0%         1d3       100%        1
 Sting                    Tmut/Pois      0%         1d3       100%        1
 Blink                    Tloc           0%         N/A       100%        2
 Ensorcelled Hibernation  Hex/Ice        0%         N/A       100%        2
 Lesser Beckoning         Tloc           0%         N/A       100%        2
 Passwall                 Tmut/Erth      0%         N/A       100%        2
 Poisonous Vapours        Pois/Air       0%         N/A       100%        2
 Scorch                   Fire           0%         2d5       100%        2
 Static Discharge         Conj/Air       0%         2-2/arc   100%        2
 Wereblood                Tmut           0%         N/A       100%        2
 Confusing Touch          Hex            0%         N/A       100%        3
 Gell's Gravitas          Tloc           0%         N/A       100%        3
 Spider Form              Tmut/Pois      0%         N/A       100%        3
 Stone Arrow              Conj/Erth      0%         3d7       100%        3
 Swiftness                Air            0%         N/A       100%        3
 Teleport Other           Tloc           0%         N/A       100%        3
 Airstrike                Air            0%         2d(0-16)  100%        4
 Anguish                  Hex/Necr       0%         N/A       100%        4
 Dispel Undead            Necr           0%         3d6       100%        4
 Flame Wave               Conj/Fire      0%         2d4       100%        4
 Manifold Assault         Tloc           0%         N/A       100%        4
 Olgreb's Toxic Radiance  Pois           0%         N/A       100%        4
 Dispersal                Tloc           0%         N/A       100%        6
 Storm Form               Tmut/Air       0%         N/A       100%        7
 Disjunction              Tloc           0%         N/A       100%        8
 Summon Lightning Spire   Summ/Air       Unusable   N/A       N/A         4
 Summon Cactus Giant      Summ           Unusable   N/A       N/A         6

Dungeon Overview and Level Annotations

Branches:
Dungeon (14/15)            Temple (1/1) D:5            Lair (5/5) D:9
 Shoals (0/4) Lair:3       Spider (1/4) Lair:3        Slime (0/5) Lair:5
    Orc (2/2) D:9             Elf (0/3) Orc:2        Vaults (0/5) D:13
  Sewer (visited)           IceCv (visited)

Altars:
Ashenzari
Cheibriados
Dithmenos
Elyvilon
Gozag
Kikubaaqudgha
Makhleb
Nemelex Xobeh
Okawaru
Qazlal
Ru
Sif Muna
Trog
Uskayaw
Vehumet
Wu Jian
Xom
Zin
The Shining One

Shops:
D:5 *   D:11 ?   D:12 !   Orc:2 :*?[


Innate Abilities, Weirdness & Mutations

You have a pair of horns on your head.
You sometimes lose the ability to read scrolls when taking damage.
You are hated by all.
Your casting is slightly disrupted.
You are inexperienced. (-2 XL)
You reflexively headbutt those who attack you in melee.


Message History

You bludgeon the emperor scorpion!!
The emperor scorpion is almost dead.
You block the redback's attack. You block the culicivora's attack.
You block the demonic crawler's attack. The demonic crawler closely misses you.
You block the demonic crawler's attack. The spark wasp stings you!
* * * LOW HITPOINT WARNING * * *
The spark wasp shocks you. You resist.
* * * LOW HITPOINT WARNING * * *
You focus your inner power and blind the spark wasp in retribution!
The jumping spider leaps!
The emperor scorpion is stunned by your conviction and fails to attack.
The redback barely misses you. You furiously retaliate!
You headbutt the redback. You bludgeon the emperor scorpion!!
You kill the emperor scorpion!
You block the redback's attack. You block the spark wasp's attack.
The culicivora closely misses you.
The demonic crawler hits you but does no damage. x2
You block the demonic crawler's attack. The redback barely misses you.
The jumping spider leaps!
You bludgeon the spark wasp!! Your headbutt misses the spark wasp.
The spark wasp is almost dead.
You block the redback's attack.
The culicivora is healed somewhat.
The spark wasp stings you!
* * * LOW HITPOINT WARNING * * *
The spark wasp shocks you. You resist.
* * * LOW HITPOINT WARNING * * *
You focus your inner power and blind the spark wasp in retribution!
The demonic crawler hits you!
* * * LOW HITPOINT WARNING * * *
You block the demonic crawler's attack. The demonic crawler barely misses you.
You block the redback's attack. The jumping spider misses you.
The jumping spider bites you.
* * * LOW HITPOINT WARNING * * *
The redback misses you.
You thump the spark wasp!
You kill the spark wasp!
You redirect the jumping spider's attack!
You block the demonic crawler's attack. The demonic crawler hits you!
You die...

##### . ##...### ..
#......# ... #......#
##.... ##^.....###.s....
#.......s.s.s...$
##......#†@ss...°#
#......##sss...... .#
##......#.......... #.#
##.......#.......s..
##.##...........#.......
#...#...........#.......
...............###......
...##............ .°....
...##..........#.


You could see a demonic crawler, 2 orb spiders, 2 culicivoras, 2 jumping spiders
and 3 redbacks.

Vanquished Creatures
  Gastronok (D:11)
  An emperor scorpion (Spider:1)
  An orc warlord (Orc:1)
  2 ettins
  A white draconian (IceCv)
  A spark wasp (Spider:1)
  Josephine (D:11)
  Snorg (Lair:3)
  Harold (D:11)
  A hydra (Lair:4)
  8 boulder beetles
  4 centaur warriors (D:13)
  3 catoblepae
  4 ogre magi
  The ghost of BananaMan the Cleaver, a novice MiFi of Uskayaw (Lair:1)
  3 death yaks
  17 two-headed ogres
  Sonja (Lair:3)
  4 skeletal warriors (D:8)
  A deep troll (D:13)
  2 lindwurms
  An orc knight (Orc:1)
  3 deep elf pyromancers
  A manticore (Lair:3)
  A wolf spider (Spider:1)
  2 cyclopes
  An orc sorcerer (Orc:2)
  17 elephants
  3 ugly things
  2 ice statues (IceCv)
  3 black mambas
  16 cane toads
  2 gargoyles
  2 unseen horrors
  2 torpor snails
  2 demonic crawlers (Spider:1)
  11 rime drakes
  A kobold demonologist (D:9)
  A rime drake (shapeshifter) (D:13)
  11 komodo dragons
  5 polar bears
  8 trolls
  2 blink frogs (Lair:4)
  A wind drake (Lair:3)
  A tarantella (Spider:1)
  8 hornets
  Prince Ribbit (D:8)
  A dream sheep (Lair:5)
  2 jumping spiders (Spider:1)
  A shadow (D:9)
  42 yaks
  A culicivora (Spider:1)
  19 spriggans
  2 water elementals (D:12)
  7 wyverns
  6 wraiths
  Eustachio (D:4)
  A basilisk (Lair:4)
  7 redbacks (Spider:1)
  3 vampire mosquitoes
  5 acid dragons
  4 wargs
  18 water moccasins
  18 orc warriors
  5 black bears
  30 ogres
  3 boggarts (Lair:5)
  26 wolves
  10 centaurs
  2 phantoms
  4 kobold brigands
  13 bullfrogs
  A gnoll sergeant (D:7)
  3 scorpions
  3 wights (D:9)
  A lindwurm simulacrum (IceCv)
  11 killer bees
  6 howler monkeys
  8 electric eels
  8 hounds
  8 komodo dragon simulacra (IceCv)
  17 orc priests
  3 jellies
  2 gnoll boudas (D:6)
  2 sleepcaps
  13 hell rats (Lair:5)
  3 iguanas
  Natasha (thrice) (D:4)
  18 orc wizards
  23 gnolls
  3 acid dragon simulacra (IceCv)
  A river rat (D:6)
  15 adders
  2 white imps
  8 steam dragon simulacra (IceCv)
  4 worms
  10 dart slugs
  59 orcs
  11 endoplasms
  7 giant cockroaches
  5 goblins
  10 hobgoblins
  4 jackals (D:3)
  12 kobolds
  21 quokkas
  15 ball pythons
  4 bats
  13 frilled lizards
  2 rats (D:1)
737 creatures vanquished.

Vanquished Creatures (others)
  A hydra (Lair:5)
  A two-headed ogre (Orc:2)
  An orc high priest (Orc:1)
  A black mamba (Lair:5)
  A troll (D:12)
  A polar bear (Lair:4)
  A redback (Spider:1)
  A warg (Orc:1)
  2 orc warriors (Orc:1)
  An ogre (Orc:2)
  A wolf (Lair:2)
  A komodo dragon simulacrum (IceCv)
  An orc priest (Orc:1)
  An orc wizard (Orc:2)
  2 orcs (Orc:1)
  A kobold (D:8)
18 creatures vanquished.

Grand Total: 755 creatures vanquished

Notes
Turn   | Place    | Note
-------+----------+-------------------------------------------
     0 | D:1      | Cheops the Minotaur Fighter began the quest for the Orb.
     0 | D:1      | Reached XP level 1. HP: 19/19 MP: 0/0
   167 | D:1      | Reached XP level 2. HP: 26/26 MP: 1/1
   749 | D:2      | Reached XP level 3. HP: 29/31 MP: 2/2
   963 | D:2      | Reached skill level 5 in Maces & Flails
  1050 | D:2      | Reached XP level 4. HP: 39/39 MP: 3/3
  1618 | D:3      | Found a faded altar of an unknown god.
  2054 | D:4      | Noticed Natasha
  2056 | D:4      | Noticed a scorpion
  2059 | D:4      | Reached XP level 5. HP: 45/45 MP: 4/4
  2125 | D:4      | Noticed Eustachio
  2147 | D:4      | Killed Eustachio
  2148 | D:4      | Reached XP level 6. HP: 9/51 MP: 5/5
  2348 | D:4      | Killed Natasha
  2421 | D:4      | Reached XP level 7. HP: 50/57 MP: 6/6
  2469 | D:4      | Noticed Natasha
  2476 | D:4      | Killed Natasha
  2489 | D:4      | Noticed Natasha
  2495 | D:4      | Killed Natasha
  2684 | D:4      | Reached skill level 10 in Maces & Flails
  2914 | D:5      | Entered Level 5 of the Dungeon
  2985 | D:5      | Found Fuqefin's General Store.
  2994 | D:5      | Bought a scroll of identify for 26 gold pieces
  2994 | D:5      | Bought a scroll of magic mapping for 97 gold pieces
  2994 | D:5      | Bought a scroll of immolation for 52 gold pieces
  2994 | D:5      | Bought a scroll of vulnerability for 52 gold pieces
  3145 | D:5      | Noticed a two-headed ogre
  3153 | D:5      | Killed a two-headed ogre
  3154 | D:5      | Reached XP level 8. HP: 64/64 MP: 7/7
  3168 | D:5      | Identified the +10 shortbow of Yvishih {drain, Int+3}
  3265 | D:5      | Found a staircase to the Ecumenical Temple.
  3788 | Temple   | Entered the Ecumenical Temple
  3825 | Temple   | Became a worshipper of Ru the Awakened
  3869 | D:6      | Found an ornate altar of the Wu Jian Council.
  3899 | D:6      | Found a glowing drain.
  3932 | Sewer    | Entered a sewer
  4006 | Sewer    | Reached XP level 9. HP: 66/70 MP: 8/8
  4345 | D:6      | Identified the +0 robe of the Leaping Gods {*Slow rC+ rN+
                  | Regen+}
  4363 | D:6      | Gained mutation: You are somewhat inexperienced. (-1 XL)
                  | [Ru sacrifice]
  4363 | D:6      | Reached XP level 8. HP: 64/64 MP: 7/7
  4363 | D:6      | Reached * piety under Ru
  4384 | D:6      | Reached skill level 5 in Armour
  5397 | D:7      | Killed an unseen horror
  5463 | D:7      | Reached skill level 10 in Armour
  5574 | D:7      | Reached XP level 9. HP: 62/70 MP: 8/8
  6411 | D:8      | Noticed Prince Ribbit
  6417 | D:8      | Killed Prince Ribbit
  6433 | D:8      | Gained mutation: You occasionally lose the ability to read
                  | scrolls when taking damage. [Ru sacrifice]
  6433 | D:8      | Gained mutation: You sometimes lose the ability to read
                  | scrolls when taking damage. [Ru sacrifice]
  6433 | D:8      | Reached ** piety under Ru
  6433 | D:8      | Reached *** piety under Ru
  6623 | D:8      | Noticed a skeletal warrior
  6623 | D:8      | Noticed a skeletal warrior
  6623 | D:8      | Noticed a skeletal warrior
  7140 | D:9      | Noticed a brown ugly thing
  7140 | D:9      | Noticed a white ugly thing
  7189 | D:9      | Reached skill level 5 in Fighting
  7459 | D:9      | Found a staircase to the Orcish Mines.
  7539 | D:9      | Killed a white ugly thing
  7544 | D:9      | Killed a brown ugly thing
  7738 | D:9      | Noticed a deep elf pyromancer
  7746 | D:9      | Killed a deep elf pyromancer
  7750 | D:9      | Reached skill level 10 in Fighting
  7750 | D:9      | Reached XP level 10. HP: 39/93 MP: 9/9
  8205 | D:9      | Found a staircase to the Lair.
  8416 | D:10     | Entered Level 10 of the Dungeon
  8705 | D:10     | Found a hide-covered altar of Uskayaw.
  8823 | D:10     | Found a white marble altar of Elyvilon.
  9150 | D:11     | Found Suuhoe Punek's Magic Scroll Shoppe.
  9165 | D:11     | Reached skill level 15 in Maces & Flails
  9201 | D:11     | Noticed a boulder beetle
  9263 | D:11     | Found a frozen archway.
  9268 | D:11     | Reached skill level 1 in Evocations
  9289 | IceCv    | Entered an ice cave
  9343 | IceCv    | Gained mutation: You are hated by all. [Ru sacrifice]
  9343 | IceCv    | Reached **** piety under Ru
  9343 | IceCv    | Reached ***** piety under Ru
  9630 | IceCv    | Noticed a white draconian
  9650 | IceCv    | Killed a white draconian
  9776 | IceCv    | Found the +8 frozen axe "Frostbite" {freeze, freezing
                  | cloud, *Noise Fly rC+}
  9809 | IceCv    | Identified the +0 pair of gloves of Kikubaaqudgha's Esteem
                  | {rElec rPois}
 10236 | D:11     | Killed a boulder beetle
 10237 | D:11     | Reached skill level 5 in Evocations
 10271 | D:11     | Bought a scroll of identify for 28 gold pieces
 10271 | D:11     | Bought a scroll of identify for 28 gold pieces
 10271 | D:11     | Bought a scroll of identify for 28 gold pieces
 10377 | D:11     | Noticed Josephine
 10383 | D:11     | Killed Josephine
 10384 | D:11     | Reached skill level 5 in Shields
 10384 | D:11     | Reached XP level 11. HP: 101/102 MP: 4/10
 10662 | D:11     | Noticed Harold
 10666 | D:11     | Killed Harold
 10781 | D:11     | Noticed Gastronok
 10796 | D:11     | Killed Gastronok
 10910 | D:12     | Noticed a two-headed ogre
 10910 | D:12     | Noticed a two-headed ogre
 11196 | D:12     | Killed a two-headed ogre
 11215 | D:12     | Killed a two-headed ogre
 11216 | D:12     | Reached skill level 10 in Shields
 11578 | D:12     | Noticed a boulder beetle
 11595 | D:12     | Killed a boulder beetle
 11648 | D:12     | Found Bamoaher's Distillery.
 11660 | D:12     | Bought a potion of curing for 45 gold pieces
 11660 | D:12     | Bought a potion of haste for 150 gold pieces
 11660 | D:12     | Bought a potion of heal wounds for 75 gold pieces
 11660 | D:12     | Bought a potion of lignification for 45 gold pieces
 11660 | D:12     | Bought a potion of berserk rage for 75 gold pieces
 12028 | D:13     | Noticed a centaur warrior
 12032 | D:13     | Killed a centaur warrior
 12137 | D:13     | Noticed a centaur warrior
 12139 | D:13     | Noticed a centaur warrior
 12146 | D:13     | Killed a centaur warrior
 12159 | D:13     | Killed a centaur warrior
 12170 | D:13     | Noticed a centaur warrior
 12178 | D:13     | Killed a centaur warrior
 12237 | D:13     | Found an iron altar of Okawaru.
 12381 | D:13     | Reached XP level 12. HP: 108/110 MP: 11/11
 12402 | D:13     | Gained mutation: Your casting is slightly disrupted. [Ru
                  | sacrifice]
 12651 | D:13     | Noticed an ettin
 12660 | D:13     | Killed an ettin
 12796 | D:13     | Found a gate to the Vaults.
 13314 | D:11     | Bought a scroll of enchant armour for 105 gold pieces
 13314 | D:11     | Bought a scroll of enchant armour for 105 gold pieces
 13314 | D:11     | Bought a scroll of enchant armour for 105 gold pieces
 13510 | Lair:1   | Entered Level 1 of the Lair of Beasts
 13552 | Lair:1   | Found a runed translucent door.
 13553 | Lair:1   | Noticed BananaMan's ghost (novice MiFi)
 13556 | Lair:1   | Identified the +11 spear of Woe {flame, rElec Dex+2}
 13861 | Lair:1   | Found a snail-covered altar of Cheibriados.
 13926 | Lair:1   | Reached skill level 15 in Shields
 14197 | Lair:2   | Reached skill level 1 in Dodging
 14250 | Lair:2   | Reached skill level 2 in Dodging
 14278 | Lair:2   | Reached skill level 3 in Dodging
 14592 | Lair:2   | Gained mutation: You are inexperienced. (-2 XL) [Ru
                  | sacrifice]
 14592 | Lair:2   | Reached XP level 11. HP: 102/102 MP: 10/10
 14592 | Lair:2   | Reached ****** piety under Ru
 14616 | Lair:2   | Identified the +2 robe of Hoont {Harm}
 14630 | Lair:2   | Reached skill level 4 in Dodging
 14734 | Lair:2   | Reached skill level 5 in Dodging
 15200 | Lair:3   | Found an ornate altar of the Wu Jian Council.
 15308 | Lair:3   | Found a hole to the Spider Nest.
 15320 | Lair:3   | Reached skill level 6 in Dodging
 15446 | Lair:3   | Found a staircase to the Shoals.
 15468 | Lair:3   | Reached skill level 7 in Dodging
 15622 | Lair:3   | Noticed Snorg
 15636 | Lair:3   | Killed Snorg
 15809 | Lair:3   | Noticed Sonja
 15814 | Lair:3   | Killed Sonja
 16014 | Lair:4   | Reached skill level 8 in Dodging
 16245 | Lair:4   | Reached skill level 9 in Dodging
 16800 | Lair:4   | Reached skill level 10 in Dodging
 16809 | Lair:4   | Reached XP level 12. HP: 97/110 MP: 11/11
 17002 | Lair:4   | Reached skill level 11 in Dodging
 17106 | Lair:4   | Reached skill level 12 in Dodging
 17655 | Lair:5   | Entered Level 5 of the Lair of Beasts
 17859 | Lair:5   | Reached skill level 13 in Dodging
 18317 | Lair:5   | Reached skill level 14 in Dodging
 18690 | Lair:5   | Found a staircase to the Slime Pits.
 18746 | Lair:5   | Reached skill level 15 in Dodging
 19323 | Orc:1    | Entered Level 1 of the Orcish Mines
 19640 | Orc:1    | Noticed an orc warlord
 19658 | Orc:1    | Killed an orc warlord
 19667 | Orc:1    | Reached XP level 13. HP: 104/116 MP: 12/12
 19941 | Orc:2    | Entered Level 2 of the Orcish Mines
 19966 | Orc:1    | Reached skill level 16 in Dodging
 20014 | Orc:2    | Paralysed by an orc sorcerer for 3 turns
 20302 | Orc:2    | Reached skill level 17 in Dodging
 20496 | Orc:2    | Found Orani Ytugh's Magic Scroll Emporium.
 20496 | Orc:2    | Found Kebiukh's Armour Shop.
 20497 | Orc:2    | Found Ylaynti's Book Boutique.
 20497 | Orc:2    | Found Doste's General Store.
 20506 | Orc:2    | Bought a scroll of acquirement for 780 gold pieces
 20508 | Orc:2    | Acquired a manual of Dodging
 20518 | Orc:2    | Found a staircase to the Elven Halls.
 20869 | D:8      | Reached skill level 18 in Dodging
 21289 | Lair:1   | Killed BananaMan's ghost
 21526 | Spider:1 | Entered Level 1 of the Spider Nest
 21662 | Spider:1 | Reached skill level 19 in Dodging
 21696 | Spider:1 | Noticed an emperor scorpion
 21710 | Spider:1 | Killed an emperor scorpion
 21711 | Spider:1 | HP: 5/116 [jumping spider (3)]
 21712 | Spider:1 | Slain by a demonic crawler

Illustrated notes

Levels and vault maps discovered:
D:1:      moated_graveyard_arrival, layout_loops_cross, hangedman_decor_growths,
          minmay_tree_intersection
D:2:      layout_basic
D:3:      layout_basic, nicolae_ecumenical_snake_handling,
          minmay_misc_feat_hallway, minmay_misc_feat_more_columns,
          hellmonk_no_cap
D:4:      layout_rooms, minmay_misc_feat_columns, uniq_eustachio, uniq_natasha
D:5:      kennysheep_big_flooded_room, layout_basic, temple_doors_e,
          serial_shops, shop_fountains, kennysheep_generic_room_3
D:6:      layout_gridville, nzn_wu_jian_council_hall,
          cheibrodos_sewer_entry_sluice
D:7:      kennysheep_slugbush, layout_cave_pools, st_stairs_14,
          dreamdust_gnoll_farm
D:8:      layout_rooms, amcnicky_mini_pool_medium, uniq_prince_ribbit1
D:9:      layout_loops_corners, david_lair_shrubbed, orc_0_dummy,
          minmay_fractal_squares_gapless_7
D:10:     layout_rooms, nicolae_elyvilon_peaceful_grove,
          mainiacjoe_overflow_brackets, minmay_hedge_maze, minivault_25
D:11:     layout_rooms, portal_ice_cave_rime, serial_shops,
          nicolae_diamond_shop, corexii_hall_statues_i, uniq_gastronok,
          uniq_josephine, uniq_harold
D:12:     layout_basic, serial_bayou, serial_bayou_lake_a, serial_bayou_pond_c,
          serial_bayou_shore_a, serial_bayou_pond_b, serial_shops,
          nicolae_shop_tiny_glass
D:13:     layout_layer_cave, david_vaults_4, okawaru_ov_weapons_minmay
D:14:     layout_basic, serial_shops, shop, chequers_garden, zin_purify,
          uniq_lodul
Temple:   hellmonk_temple_of_storms
Lair:1:   layout_chaotic_city, basic_altar, ebering_ghost_funeral_grove
Lair:2:   layout_regular_city
Lair:3:   layout_concentric_octagons, minmay_shoals_entry_beasts,
          dummy_spider_entry, basic_altar, columned_hall_lemuel, uniq_snorg,
          uniq_sonja
Lair:4:   nzn_winding_woodlands_huge [nzn_winding_woodlands_5x15_garden,
          nzn_winding_woodlands_5x15_cabin,
          nzn_winding_woodlands_5x15_lazy_stream,
          nzn_winding_woodlands_5x15_sawtooth, nzn_winding_woodlands_5x15_pool,
          nzn_winding_woodlands_5x15_jagged,
          nzn_winding_woodlands_5x15_pathside_ponds,
          nzn_winding_woodlands_5x15_longhouse,
          nzn_winding_woodlands_5x15_crooked, nzn_winding_woodlands_5x15_parted,
          nzn_winding_woodlands_center_triple_pond,
          nzn_winding_woodlands_center_garden,
          nzn_winding_woodlands_15x15_eel_pit], layout_long_grid,
          beast_lair_carwin_2
Lair:5:   minmay_lair_end_enchanted_forest, layout_loops_ring, slime_entry_1
Spider:1: layout_cave_pods, uniq_asterion
Orc:1:    layout_caves
Orc:2:    st_orc_ogre_mass, layout_caves

Skill      XL: |  1  2  3  4  5  6  7  8  9 10 11 12 13 |
---------------+----------------------------------------+-----
Maces & Flails | 3 4 5 6 8 9 12 13 14 16 | 16.0
Armour         | 10 12 | 12.0
Fighting       | 10 11 | 11.1
Evocations     | 5 |  5.0
Shields        | 5 13 15 | 15.0
Dodging        | 10 15 19 | 19.4

Action                     |  1- 3 |  4- 6 |  7- 9 | 10-12 | 13-15 || total
---------------------------+-------+-------+-------+-------+-------++-------
  Melee: Flail             |    73 |    72 |   417 |   247 |   125 ||   934
         Headbutt          |     8 |     6 |    56 |   279 |    57 ||   406
         Morningstar       |       |       |       |   996 |   138 ||  1134
 Invoke: Sacrifice Experie |       |       |     1 |     1 |       ||     2
         Sacrifice Words   |       |       |     1 |       |       ||     1
         Power Leap        |       |       |       |     6 |     2 ||     8
         Sacrifice Love    |       |       |       |     1 |       ||     1
         Sacrifice Essence |       |       |       |     1 |       ||     1
         Apocalypse        |       |       |       |       |     1 ||     1
  Evoke: Wand              |       |       |     9 |     6 |       ||    15
         Lightning rod     |       |       |       |       |     4 ||     4
    Use: Scroll            |       |       |     9 |    21 |     1 ||    31
         Potion            |       |       |     1 |     2 |     2 ||     5
   Stab: Distracted        |       |       |     1 |     9 |     1 ||    11
         Invisible         |       |       |       |     6 |     1 ||     7
         Paralysed         |       |       |       |     3 |     3 ||     6
         Confused          |       |       |       |     1 |       ||     1
 Armour: Scale mail        |    34 |    28 |    69 |   242 |       ||   373
         Chain mail        |       |       |    51 |       |       ||    51
         Plate armour      |       |       |    94 |   124 |    81 ||   299
  Dodge: Dodged            |    36 |    44 |   291 |   560 |   182 ||  1113
  Block: Buckler           |    22 |    27 |   104 |   103 |       ||   256
         Kite shield       |       |       |       |   631 |   270 ||   901
